EL
SAN ANTONIO MISSIONS @ MOBILE BAYBEARS
07/18/2047
 
TOP OF THE 1ST
San Antonio Missions batting - Pitching for Mobile BayBears : LHP Jesus Gallegos
Pitching: LHP Jesus Gallegos
Batting: RHB Juan Espinoza 0-0: Called Strike
0-1: Foul Ball, location: 2F
0-2: Strikes out swinging
Batting: SHB Hatsuo Miura 0-0: Ball
1-0: Called Strike
1-1: Ball
2-1: SINGLE (Groundball, 34D, EV 94.4 MPH)
Batting: RHB Danny Gallegos 0-0: Called Strike
0-1: Swinging Strike
0-2: Strikes out swinging
Batting: LHB J.D. Brenner 0-0: Ball
1-0: Ball
2-0: Swinging Strike
2-1: Foul Ball, location: 2F
2-2: Foul Ball, location: 2F
2-2: Fly out, F7 (Flyball, 78D, EV 101.2 MPH)
Top of the 1st over - 0 runs, 1 hit, 0 errors, 1 left on base; San Antonio 0 - Mobile 0
BOTTOM OF THE 1ST
Mobile BayBears batting - Pitching for San Antonio Missions : RHP Andy Dunmire
Pitching: RHP Andy Dunmire
Batting: LHB Kevin Ferguson 0-0: Foul Ball, location: 2F
0-1: Ball
1-1: Ball
2-1: Foul Ball, location: 2F
2-2: SINGLE (Groundball, 4MD, EV 96.9 MPH)
Batting: LHB Jeff Densmore 0-0: Ball
1-0: Swinging Strike
1-1: Swinging Strike
1-2: Strikes out swinging
Batting: LHB Bob Myers 0-0: Called Strike
Kevin Ferguson steals 2nd base (no throw)
0-1: Foul Ball, location: 2F
0-2: Ball
1-2: Foul Ball, location: 2F
1-2: Ground out 4-3 (Groundball, 4, EV 85.0 MPH)
Kevin Ferguson to third
Batting: LHB Soo-yeon Kym 0-0: Called Strike
0-1: Ground out 6-3 (Groundball, 6D, EV 101.9 MPH)
Bottom of the 1st over - 0 runs, 1 hit, 0 errors, 1 left on base; San Antonio 0 - Mobile 0
TOP OF THE 2ND
San Antonio Missions batting - Pitching for Mobile BayBears : LHP Jesus Gallegos
Batting: RHB Nate Burkhalter 0-0: Ball
1-0: Ball
2-0: Ball
3-0: Base on Balls
Batting: SHB Blake Abbott 0-0: Ball
1-0: Foul Ball, location: 2F
1-1: Ball
2-1: Ball
3-1: Foul Ball, location: 2F
3-2: Grounds into double play, 6-4-3 (Groundball, 6, EV 83.1 MPH)
Batting: RHB Bill Williams 0-0: Foul Ball, location: 2F
0-1: Called Strike
0-2: Ball
1-2: SINGLE (Groundball, 4MD, EV 99.4 MPH)
Batting: LHB Yeong-hun Joe 0-0: Ball
1-0: Foul Ball, location: 2F
1-1: Ball
2-1: Foul Ball, location: 2F
2-2: Ground out U3 (Groundball, 34, EV 79.4 MPH)
Top of the 2nd over - 0 runs, 1 hit, 0 errors, 1 left on base; San Antonio 0 - Mobile 0
BOTTOM OF THE 2ND
Mobile BayBears batting - Pitching for San Antonio Missions : RHP Andy Dunmire
Batting: RHB Dustin Clark 0-0: Ball
1-0: Ball
2-0: Called Strike
2-1: Foul Ball, location: 2F
2-2: Foul Ball, location: 2F
2-2: Ground out 6-3 (Groundball, 6MS, EV 85.0 MPH)
Batting: LHB T.J. Duvall 0-0: Ball
1-0: Swinging Strike
1-1: Ball
2-1: Called Strike
2-2: Reached via error on a dropped throw from 2B, E3 (Groundball, 4, EV 88.1 MPH)
Batting: RHB Edgar Garcia 0-0: Called Strike
0-1: Foul Ball, location: 2F
0-2: Grounds into double play, 4-6-3 (Groundball, 4, EV 83.1 MPH)
Bottom of the 2nd over - 0 runs, 0 hits, 1 error, 0 left on base; San Antonio 0 - Mobile 0
TOP OF THE 3RD
San Antonio Missions batting - Pitching for Mobile BayBears : LHP Jesus Gallegos
Batting: LHB Josh Slusarczyk 0-0: Ball
1-0: Swinging Strike
1-1: Foul Ball, location: 2F
1-2: Ball
2-2: Strikes out swinging
Batting: RHB Juan Espinoza 0-0: Ball
1-0: Ball
2-0: Foul Ball, location: 2F
2-1: Foul Ball, location: 2F
2-2: Ball
3-2: Ground out 6-3 (Groundball, 6, EV 89.4 MPH)
Batting: SHB Hatsuo Miura 0-0: Called Strike
0-1: Called Strike
0-2: Strikes out swinging
Top of the 3rd over - 0 runs, 0 hits, 0 errors, 0 left on base; San Antonio 0 - Mobile 0
BOTTOM OF THE 3RD
Mobile BayBears batting - Pitching for San Antonio Missions : RHP Andy Dunmire
Batting: RHB Carlos Ballesteros 0-0: Ball
1-0: SINGLE (Line Drive, 4D, EV 94.4 MPH)
Batting: RHB Curt Barrett 0-0: Ball
1-0: Foul Ball, location: 2F
1-1: Ball
2-1: Foul Ball, location: 2F
2-2: Strikes out looking
Batting: LHB Kevin Ferguson 0-0: Ball
1-0: Foul Ball, location: 2F
1-1: Swinging Strike
1-2: Strikes out swinging
Batting: LHB Jeff Densmore 0-0: Called Strike
0-1: Ball
1-1: Ball
2-1: Fly out, F8 (Flyball, 8LD, EV 85.6 MPH)
Bottom of the 3rd over - 0 runs, 1 hit, 0 errors, 1 left on base; San Antonio 0 - Mobile 0
TOP OF THE 4TH
San Antonio Missions batting - Pitching for Mobile BayBears : LHP Jesus Gallegos
Batting: RHB Danny Gallegos 0-0: Called Strike
0-1: Ground out 6-3 (Groundball, 6, EV 84.4 MPH)
Batting: LHB J.D. Brenner 0-0: Ball
1-0: Called Strike
1-1: Ball
2-1: Foul Ball, location: 2F
2-2: Strikes out looking
Batting: RHB Nate Burkhalter 0-0: Ball
1-0: Ground out 4-3 (Groundball, 4S, EV 90.0 MPH)
Top of the 4th over - 0 runs, 0 hits, 0 errors, 0 left on base; San Antonio 0 - Mobile 0
BOTTOM OF THE 4TH
Mobile BayBears batting - Pitching for San Antonio Missions : RHP Andy Dunmire
Batting: LHB Bob Myers 0-0: Foul Ball, location: 2F
0-1: Ball
1-1: Called Strike
1-2: Foul Ball, location: 2F
1-2: Strikes out swinging
Batting: LHB Soo-yeon Kym 0-0: Foul Ball, location: 2F
0-1: Ground out 6-3 (Groundball, 6, EV 91.2 MPH)
Batting: RHB Dustin Clark 0-0: Called Strike
0-1: Fly out, F9 (Flyball, 89S, EV 86.9 MPH)
Bottom of the 4th over - 0 runs, 0 hits, 0 errors, 0 left on base; San Antonio 0 - Mobile 0
TOP OF THE 5TH
San Antonio Missions batting - Pitching for Mobile BayBears : LHP Jesus Gallegos
Batting: SHB Blake Abbott 0-0: Called Strike
0-1: Ground out 4-3 (Groundball, 34, EV 79.4 MPH)
Batting: RHB Bill Williams 0-0: Foul Ball, location: 2F
0-1: Ground out 6-3 (Groundball, 56, EV 96.2 MPH)
Batting: LHB Yeong-hun Joe 0-0: Ball
1-0: Called Strike
1-1: Swinging Strike
1-2: Strikes out swinging
Top of the 5th over - 0 runs, 0 hits, 0 errors, 0 left on base; San Antonio 0 - Mobile 0
BOTTOM OF THE 5TH
Mobile BayBears batting - Pitching for San Antonio Missions : RHP Andy Dunmire
Batting: LHB T.J. Duvall 0-0: Ground out 1-3 (Groundball, 34S, EV 69.4 MPH)
Batting: RHB Edgar Garcia 0-0: Ball
1-0: Ball
2-0: Foul Ball, location: 2F
2-1: SINGLE (Groundball, 6MD, EV 101.2 MPH)
Batting: RHB Carlos Ballesteros 0-0: Called Strike
Edgar Garcia steals 2nd base
0-1: SINGLE (Groundball, 4, EV 96.2 MPH)
Edgar Garcia to third
Runner from 3rd tries for Home, SAFE, throw by CF to home
Batting: RHB Curt Barrett 0-0: Foul Ball, location: 2F
0-1: Swinging Strike
0-2: Ball
1-2: Strikes out swinging
Batting: LHB Kevin Ferguson 0-0: Swinging Strike
0-1: Ball
1-1: Ground out 2-3 (Groundball, 2R, EV 70.0 MPH)
Bottom of the 5th over - 1 run, 2 hits, 0 errors, 1 left on base; San Antonio 0 - Mobile 1
TOP OF THE 6TH
San Antonio Missions batting - Pitching for Mobile BayBears : LHP Jesus Gallegos
Batting: LHB Josh Slusarczyk 0-0: Called Strike
0-1: Ball
1-1: Swinging Strike
1-2: Fly out, F6 (Popup, 6D, EV 47.5 MPH)
Batting: RHB Juan Espinoza 0-0: Called Strike
0-1: Foul Ball, location: 2F
0-2: SINGLE (Flyball, 89M, EV 100.0 MPH)
Batting: SHB Hatsuo Miura 0-0: Ball
1-0: Ball
2-0: Fly out, F8 (Flyball, 8RM, EV 96.9 MPH)
Batting: RHB Danny Gallegos 0-0: Swinging Strike
0-1: Fielders Choice at 2nd, 6-4 (Groundball, 6, EV 88.8 MPH)
Top of the 6th over - 0 runs, 1 hit, 0 errors, 1 left on base; San Antonio 0 - Mobile 1
BOTTOM OF THE 6TH
Mobile BayBears batting - Pitching for San Antonio Missions : RHP Andy Dunmire
Batting: LHB Jeff Densmore 0-0: Swinging Strike
0-1: Ball
1-1: Ball
2-1: Foul Ball, location: 2F
2-2: Strikes out swinging
Batting: LHB Bob Myers 0-0: Ball
1-0: Foul Ball, location: 2F
1-1: Ball
2-1: DOUBLE (Groundball, 3L, EV 106.2 MPH)
Batting: LHB Soo-yeon Kym 0-0: Called Strike
0-1: Ball
1-1: Ball
2-1: Swinging Strike
2-2: Strikes out swinging
Batting: RHB Dustin Clark 0-0: Ground out 6-3 (Groundball, 6, EV 104.4 MPH)
Bottom of the 6th over - 0 runs, 1 hit, 0 errors, 1 left on base; San Antonio 0 - Mobile 1
TOP OF THE 7TH
San Antonio Missions batting - Pitching for Mobile BayBears : LHP Jesus Gallegos
Now in RF: Andy Cunningham
Batting: LHB J.D. Brenner 0-0: Called Strike
0-1: SOLO HOME RUN (Line Drive, 7D, EV 102.5 MPH), Distance : 396 ft
Batting: RHB Nate Burkhalter 0-0: SINGLE (Line Drive, 89M, EV 106.9 MPH)
Batting: SHB Blake Abbott 0-0: Ball
1-0: 2-RUN HOME RUN (Line Drive, 7LD, EV 101.2 MPH), Distance : 352 ft
Batting: RHB Bill Williams 0-0: Foul Ball, location: 2F
0-1: Ball
1-1: Fly out, F7 (Flyball, 78M, EV 90.0 MPH)
Pitching: RHP Lawrence Skinner
Batting: LHB Yeong-hun Joe 0-0: Called Strike
0-1: Foul Ball, location: 2F
0-2: Foul Ball, location: 2F
0-2: Ball
1-2: Strikes out swinging
Batting: LHB Josh Slusarczyk 0-0: Swinging Strike
0-1: Ball
1-1: Called Strike
1-2: Ball
2-2: Ball
3-2: Ground out U3 (Groundball, 3S, EV 88.8 MPH)
Top of the 7th over - 3 runs, 3 hits, 0 errors, 0 left on base; San Antonio 3 - Mobile 1
BOTTOM OF THE 7TH
Mobile BayBears batting - Pitching for San Antonio Missions : RHP Andy Dunmire
Batting: LHB T.J. Duvall 0-0: Ball
1-0: SINGLE (Groundball, 4M, EV 78.8 MPH) (infield hit)
Batting: RHB Edgar Garcia 0-0: Sac Bunt to 3S - play at first, batter OUT! 3-4
T.J. Duvall to second
Batting: RHB Carlos Ballesteros 0-0: Ground out 6-3 (Groundball, 6S, EV 66.2 MPH)
T.J. Duvall to third
Batting: RHB Curt Barrett 0-0: Called Strike
0-1: Ball
1-1: Ball
2-1: Ground out 1-3 (Groundball, 15S, EV 65.6 MPH)
Bottom of the 7th over - 0 runs, 1 hit, 0 errors, 1 left on base; San Antonio 3 - Mobile 1
TOP OF THE 8TH
San Antonio Missions batting - Pitching for Mobile BayBears : RHP Lawrence Skinner
Batting: RHB Juan Espinoza 0-0: Foul Ball, location: 2F
0-1: Ball
1-1: Swinging Strike
1-2: Ground out 6-3 (Groundball, 56, EV 110.0 MPH)
Batting: SHB Hatsuo Miura 0-0: Called Strike
0-1: Ball
1-1: Ball
2-1: Called Strike
2-2: Ground out 6-3 (Groundball, 4S, EV 73.1 MPH)
Batting: RHB Danny Gallegos 0-0: Ball
1-0: Reached via error on a dropped throw from 3B, E3 (Groundball, 56, EV 76.9 MPH)
Batting: LHB J.D. Brenner 0-0: Fly out, F4 (Popup, 4M, EV 61.2 MPH)
Top of the 8th over - 0 runs, 0 hits, 1 error, 1 left on base; San Antonio 3 - Mobile 1
BOTTOM OF THE 8TH
Mobile BayBears batting - Pitching for San Antonio Missions : RHP Andy Dunmire
Batting: LHB Kevin Ferguson 0-0: Ball
1-0: Ball
2-0: Ball
3-0: Base on Balls
Pitching: LHP Ed Valdez
Batting: LHB Jeff Densmore 0-0: Called Strike
0-1: Called Strike
0-2: Strikes out swinging
Batting: RHB Andy Cunningham 0-0: Ball
1-0: Foul Ball, location: 2F
1-1: Ball
2-1: Swinging Strike
2-2: Ball
3-2: Foul Ball, location: 2F
3-2: Base on Balls
Kevin Ferguson to second
Pinch Hitting: RHB Blake Beale 0-0: Swinging Strike
0-1: Ball
1-1: Foul Ball, location: 2F
1-2: Ball
2-2: Ball
3-2: Strikes out swinging
Batting: RHB Dustin Clark 0-0: Ball
1-0: Foul Ball, location: 2F
1-1: Foul Ball, location: 2F
1-2: Foul Ball, location: 2F
1-2: Foul Ball, location: 2F
1-2: Strikes out swinging
Bottom of the 8th over - 0 runs, 0 hits, 0 errors, 2 left on base; San Antonio 3 - Mobile 1
TOP OF THE 9TH
San Antonio Missions batting - Pitching for Mobile BayBears : RHP Lawrence Skinner
Now at 2B: Blake Beale
Batting: RHB Nate Burkhalter 0-0: Called Strike
0-1: Swinging Strike
0-2: Ball
1-2: Strikes out swinging
Batting: SHB Blake Abbott 0-0: Ball
1-0: Ball
2-0: Ball
3-0: Foul Ball, location: 2F
3-1: Foul Ball, location: 2F
3-2: Foul Ball, location: 2F
3-2: Fly out, F9 (Flyball, 9, EV 91.9 MPH)
Batting: RHB Bill Williams 0-0: Ball
1-0: Called Strike
1-1: Foul Ball, location: 2F
1-2: Foul Ball, location: 2F
1-2: Foul Ball, location: 2F
1-2: Strikes out looking
Top of the 9th over - 0 runs, 0 hits, 0 errors, 0 left on base; San Antonio 3 - Mobile 1
BOTTOM OF THE 9TH
Mobile BayBears batting - Pitching for San Antonio Missions : LHP Ed Valdez
Pitching: RHP Tony Delgado
Batting: LHB T.J. Duvall 0-0: Foul Ball, location: 2F
0-1: Ball
1-1: Called Strike
1-2: Strikes out swinging
Batting: RHB Edgar Garcia 0-0: Ball
1-0: Ball
2-0: Foul Ball, location: 2F
2-1: Swinging Strike
2-2: Ball
3-2: Strikes out swinging
Batting: RHB Carlos Ballesteros 0-0: Foul Ball, location: 2F
0-1: DOUBLE (Groundball, 5L, EV 100.0 MPH)
Batting: RHB Curt Barrett 0-0: Ball
1-0: Ball
2-0: Called Strike
2-1: Ball
3-1: Base on Balls
Batting: LHB Kevin Ferguson 0-0: Ball
1-0: Called Strike
1-1: Foul Ball, location: 2F
1-2: Ball
2-2: Ball
3-2: Base on Balls
Carlos Ballesteros to third
Curt Barrett to second
Batting: LHB Jeff Densmore 0-0: Ball
1-0: Called Strike
1-1: Ball
2-1: Foul Ball, location: 2F
2-2: Ball
3-2: Base on Balls
Carlos Ballesteros scores
Curt Barrett to third
Kevin Ferguson to second
Pinch Hitting: LHB Enrique Andrade 0-0: Ground out U3 (Groundball, 3L, EV 88.1 MPH)
Bottom of the 9th over - 1 run, 1 hit, 0 errors, 3 left on base; San Antonio 3 - Mobile 2
Thursday, December 15th , 2022 - OOTP Baseball 23.9 Build 102